 Dungeon Crawl Stone Soup version 0.27.1-2-g3b301248ec (webtiles) character file.

Game seed: 13211307478811527359

2050 Borgoz the Skirmisher (level 9, -8/85 HPs)
             Began as a Gargoyle Berserker on Sept 26, 2021.
             Was a Priest of Trog.
             Mangled by a wyvern skeleton (12 damage)
             ... on level 7 of the Dungeon.
             The game lasted 00:05:13 (7481 turns).

Borgoz the Skirmisher (Gargoyle Berserker)          Turns: 7481, Time: 00:05:14

Health: -8/85      AC: 12    Str: 20    XL:     9   Next: 25%
Magic:  9/9        EV: 15    Int:  9    God:    Trog [***...]
Gold:   313        SH:  0    Dex: 18    Spells: 8/8 levels left

rFire    . . .     SeeInvis .   B - +0 flail
rCold    . . .     Faith    .   (no shield)
rNeg     + . .     Spirit   .   b - +0 animal skin
rPois    ∞         Reflect  .   t - +0 helmet
rElec    +         Harm     .   l - +1 cloak
rCorr    .         Rampage  .   (no gloves)
Will     .....                  (no boots)
Stlth    ..........             (no amulet)
HPRegen  0.24/turn              g - +6 ring of dexterity
MPRegen  0.11/turn              (no ring)

@: berserking (expiring), very quick
A: sickness immunity, AC +6, negative energy resistance 1, electricity
resistance, torment resistance 1, petrification resistance
a: Renounce Religion, Berserk, Trog's Hand


You were on level 7 of the Dungeon.
You worshipped Trog.
Trog was most pleased with you.
You visited 1 branch of the dungeon, and saw 7 of its levels.

You collected 313 gold pieces.

Inventory:

Hand Weapons
 B - a +0 flail (weapon)
 D - the +7 dagger of Optimality {vorpal, rF- Int-3 Dex+8}
   (You found it on level 5 of the Dungeon)

   It inflicts extra damage upon your enemies.
   Int:       It affects your intelligence (-3).
   Dex:       It affects your dexterity (+8).
   rF:        It makes you vulnerable to fire.
Armour
 b - a +0 animal skin (worn)
 l - a +1 cloak (worn)
 t - a +0 helmet (worn)
Jewellery
 g - a +6 ring of dexterity (left hand)
 y - a ring of positive energy
 E - a ring of ice
Wands
 j - a wand of flame (18)
 k - a wand of digging (5)
Scrolls
 a - a scroll of immolation {unknown}
 c - 2 scrolls of teleportation {unknown}
 d - 4 scrolls of identify {unknown}
 e - a scroll of enchant weapon {unknown}
 f - a scroll of blinking {unknown}
 h - 3 scrolls of magic mapping {unknown}
 o - 2 scrolls of enchant armour {unknown}
 p - a scroll of summoning {unknown}
 s - a scroll of amnesia {unknown}
 u - 2 scrolls of fog {unknown}
 w - 3 scrolls of holy word {unknown}
 C - a scroll of noise {unknown}
Potions
 i - 3 potions of mutation {unknown}
 m - a potion of attraction {unknown}
 n - 2 potions of curing {unknown}
 q - 4 potions of haste {unknown}
 r - a potion of might {unknown}
 v - a potion of heal wounds
 x - 2 potions of flight {unknown}
 z - a potion of lignification {unknown}
 A - a potion of resistance {unknown}


   Skills:
 + Level 7.2 Fighting
 + Level 6.6 Maces & Flails
 + Level 6.8 Armour
 + Level 5.1 Dodging


You had 8 spell levels left.
You didn't know any spells.
Your spell library was empty.

Dungeon Overview and Level Annotations

Branches:
Dungeon (7/15)
 Temple: D:4-7

Altars:
Vehumet

Shops:
D:1 [   D:4 [


Innate Abilities, Weirdness & Mutations

You are immune to sickness and miasma.
Your stone body is resilient. (AC +6)
You are immune to poison.
You resist negative energy. (rN+)
You are resistant to electric shocks. (rElec)
You are resistant to unholy torment.
You are immune to petrification.


Message History

Joseph hits you but does no damage.
The cyclops throws a large rock.
The large rock misses you.
The large rock hits Joseph!!
A wyvern skeleton comes into view.
You sock Joseph!
Joseph is severely wounded.
Joseph hits you with a +0 quarterstaff!
A black bear comes into view.
You sock Joseph!
Joseph is severely wounded.
Joseph hits you with a +0 quarterstaff!
You closely miss Joseph.
Joseph is severely wounded.
You barely miss Joseph.
Joseph is severely wounded.
Joseph hits you but does no damage.
You closely miss Joseph.
Joseph is severely wounded.
Joseph drinks a potion.
Joseph is healed!
The wyvern skeleton bites you but does no damage.
You bludgeon Joseph!!
Joseph is almost dead.
You bludgeon Joseph!!
You kill Joseph!
Trog accepts your kill. The wyvern skeleton bites you.
Unknown command.
You barely miss the cyclops. The wyvern skeleton bites you.
You sock the cyclops!
The cyclops is moderately wounded.
The wyvern skeleton bites you.
* * * LOW HITPOINT WARNING * * *
You hit the cyclops but do no damage.
The cyclops is moderately wounded.
The cyclops hits you!!
* * * LOW HITPOINT WARNING * * *
The wyvern skeleton closely misses you.
You sock the cyclops!
The cyclops is severely wounded.
The wyvern skeleton bites you!
You die...

#.#.##.#
##...?#.##
......... #
#....#.#
#..####.#.##.#
#............###.
##.###....#...>..
#<##.C......
#.##@.######
#.#Zh.# #.#...#
#.#...# #.#...#
....... #.#..#.
......


You could see a cyclops, a black bear and a wyvern skeleton.

Vanquished Creatures
  Joseph (D:7)
  A steam dragon (D:4)
  3 ogres
  2 necrophages (D:6)
  2 centaurs (D:6)
  A phantom (D:6)
  4 scorpions
  A water moccasin zombie (D:5)
  A water moccasin skeleton (D:5)
  A wyvern skeleton (D:6)
  A howler monkey (D:5)
  A centaur zombie (D:5)
  4 orc priests
  2 hounds (D:6)
  Crazy Yiuf (D:2)
  A centaur skeleton (D:6)
  A jelly (D:5)
  5 iguanas
  3 orc wizards (D:5)
  A hound zombie (D:5)
  An adder (D:2)
  2 white imps (D:6)
  An adder skeleton (D:4)
  A worm (D:2)
  3 dart slugs
  12 orcs
  5 bats
  8 endoplasms
  2 giant cockroaches
  6 hobgoblins
  3 quokkas
  9 ball pythons
  3 frilled lizards
  6 goblins
  4 kobolds
  6 rats
109 creatures vanquished.

Notes
Turn   | Place    | Note
-------+----------+-------------------------------------------
     0 | D:1      | Borgoz the Gargoyle Berserker began the quest for the Orb.
     0 | D:1      | Reached XP level 1. HP: 14/14 MP: 1/1
   211 | D:1      | Reached XP level 2. HP: 17/19 MP: 2/2
   480 | D:1      | Found a faded altar of an unknown god.
   833 | D:1      | Found Budoygu's Armour Shop.
   854 | D:1      | Reached XP level 3. HP: 23/23 MP: 3/3
  1307 | D:2      | Found a runed translucent door.
  1308 | D:2      | Noticed Crazy Yiuf
  1405 | D:2      | Found a radiant altar of Vehumet.
  1650 | D:2      | Reached ** piety under Trog
  2449 | D:2      | Killed Crazy Yiuf
  2450 | D:2      | Reached skill level 4 in Fighting
  2450 | D:2      | Reached XP level 4. HP: 29/29 MP: 4/4
  3734 | D:4      | Noticed an ogre
  3741 | D:4      | Killed an ogre
  3742 | D:4      | Reached XP level 5. HP: 34/34 MP: 5/5
  4199 | D:4      | Found Qenlo's Antique Armour Shop.
  4230 | D:4      | Reached XP level 6. HP: 24/39 MP: 6/6
  4756 | D:4      | Noticed a steam dragon
  4762 | D:4      | Killed a steam dragon
  4763 | D:4      | Reached skill level 5 in Fighting
  4767 | D:4      | Reached XP level 7. HP: 38/44 MP: 7/7
  4942 | D:5      | Entered Level 5 of the Dungeon
  5412 | D:5      | Reached skill level 5 in Maces & Flails
  5427 | D:5      | Reached skill level 5 in Armour
  5526 | D:5      | Reached XP level 8. HP: 40/51 MP: 8/8
  5662 | D:5      | Reached *** piety under Trog
  5688 | D:5      | Reached skill level 6 in Fighting
  5713 | D:5      | Identified the +7 dagger of Optimality {vorpal, rF- Int-3
                  | Dex+8}
  7191 | D:6      | Reached XP level 9. HP: 56/56 MP: 9/9
  7210 | D:6      | Reached skill level 7 in Fighting
  7210 | D:6      | Reached skill level 5 in Dodging
  7465 | D:7      | Noticed Joseph
  7469 | D:7      | Noticed a cyclops
  7477 | D:7      | Killed Joseph
  7480 | D:7      | HP: 4/85 [cyclops (20)]
  7481 | D:7      | Mangled by a wyvern skeleton

Illustrated notes

Levels and vault maps discovered:
D:1:      dpeg_arrival_shrine, layout_loops_ring,
          ebering_ecumenical_altar_sacrificial, serial_shops, nicolae_shop_stone
D:2:      layout_basic, basic_altar, minmay_misc_feat_roman,
          uniq_crazy_yiuf_cottage
D:3:      layout_basic, kennysheep_cross_bottleneck
D:4:      layout_basic, serial_shops, shop
D:5:      layout_loops_ring
D:6:      layout_loops_ring
D:7:      layout_loops_ring, minmay_temple_entry_mini_moons, uniq_harold,
          uniq_joseph, uniq_prince_ribbit1

Skill      XL: |  1  2  3  4  5  6  7  8  9 |
---------------+----------------------------+-----
Dodging        | 2 3 4 5 |  5.1
Fighting       | 4 5 6 7 |  7.2
Armour         | 3 4 5 6 |  6.8
Maces & Flails | 4 5 6 |  6.6

Action                   |  1- 3 |  4- 6 |  7- 9 || total
-------------------------+-------+-------+-------++-------
Melee: Mace              |   117 |    93 |    31 ||   241
       Flail             |       |       |   237 ||   237
Invok: Berserk           |     1 |     2 |     4 ||     7
Evoke: Wand              |       |     2 |       ||     2
 Stab: Sleeping          |       |     1 |       ||     1
Armor: Animal skin       |    46 |    30 |   120 ||   196
Dodge: Dodged            |   107 |    54 |   183 ||   344
